Zazza, lawful male human Knight --- ----.----- |.....--.-- --........| --.......| |.......| |.......-- --........--- ----...<.......-- |...............-- --................-- | |..........|...@u..[.- |.........-----.--.....| |...--....| |.. --...| |...||-..-- --- ..| |...--..-- - |.......| |......-- |...---- --.-- --- Zazza the Esquire Experience level: 5 Strength: 17 Dexterity: 8 Constitution: 13 Intelligence: 7 Wisdom: 15 Charisma: 18 Health: 0(39) Energy: 53(53) Def: 7 Gold: 0 Moves: 4118 Dungeon seed: 77JYbuwvka2vird- Game ID: Zazza_1563139336 Your Inventory: Weapons a - a +1 long sword (weapon in hand) b - a +1 lance R - 3 +0 daggers Armor e - an uncursed +0 pair of jumping boots (being worn) n - an uncursed +0 helmet (being worn) q - an uncursed +0 small shield (being worn) r - an uncursed +0 pair of leather gloves (being worn) y - a blessed +2 dwarvish cloak N - an uncursed +0 studded leather armor (being worn) Comestibles c - 5 uncursed apples d - 13 uncursed carrots h - an uncursed food ration o - 2 uncursed lichen corpses Scrolls L - an uncursed scroll of light T - an uncursed scroll of remove curse Y - a blessed scroll of teleportation Wands t - a wand of enlightenment (0:14) V - a wand of speed monster (0:3) Tools K - a blessed oil lamp (0:1151) S - an uncursed tallow candle (0:200) U - 2 uncursed partly used wax candles (0:199) W - an uncursed towel X - a blessed tallow candle (0:200) Gems z - an uncursed worthless piece of orange glass Z - an uncursed worthless piece of violet glass Spells and supernatural/magical abilities: Name Level Category Fail Memory W - pray for help -- divine ? -- X - turn undead -- divine ? -- Y - supernatural jump -- ability ? -- Your skills at the end: Fighting Skills riding [Basic] Weapon Skills long sword [Basic] lance [Basic] Spellcasting Skills Final Attributes: You were piously aligned. You could jump. You are dead. Vanquished creatures: 2 shriekers 4 gnome lords a floating eye a kitten a dwarf 2 homunculi a giant bat 6 orc zombies an iguana 2 coyotes a gas spore a hobbit a large kobold 2 hobgoblins 4 giant rats a cave spider 2 red molds 16 gnomes 2 gnome zombies a gecko 8 jackals 2 foxes 5 goblins 6 sewer rats 9 grid bugs 6 lichens 2 kobold zombies 4 newts 94 creatures vanquished. Voluntary challenges: You used a wielded weapon 57 times, starting on turn 132. You were illiterate. You never genocided any monsters. You never polymorphed an object. You never changed form. You used no wishes. You never split a pudding. You never wrote Elbereth's name. You never violated your personal moral code. Dungeon overview: The Dungeons of Doom: levels 1 to 5 Level 1 a long staircase Level 2 an armor shop stairs to The Gnomish Mines Level 3 (gold) Level 4 a wand shop, some sinks Level 5 many fountains The Gnomish Mines: levels 3 to 5 Level 3 stairs to The Dungeons of Doom Level 4 Level 5 <- You were here History has recorded: On T:1 you entered the Dungeons of Doom to retrieve the Amulet of Yendor! On T:446 you reached level 2 of The Dungeons of Doom. On T:1045 you reached level 3 of The Dungeons of Doom. On T:1087 you advanced to experience level 2. On T:1626 you reached level 4 of The Dungeons of Doom. On T:1800 you advanced to experience level 3. On T:2306 you reached level 5 of The Dungeons of Doom. On T:2653 you advanced to experience level 4. On T:3374 you reached level 1 of The Gnomish Mines. On T:3835 you reached level 2 of The Gnomish Mines. On T:3979 you advanced to experience level 5. On T:4067 you reached level 3 of The Gnomish Mines. Score breakdown: Gold: 0 ( 0 points) Experience: 5 levels (11141 points) Exploration: 5 levels ( 10.00%) ( 8571 points) Discoveries: 7 items ( 2.85%) ( 5060 points) Valuables value: (no points given unless you survive) Artifact value: 0 ( 0 points) Variety of kills: 28 monsters ( 7.35%) ( 8132 points) Turncount: 4118 turns (-1067 points) Survival: died (score multiplied by 80%) Total score: 25469 Latest messages: Never mind. You feel self-knowledgeable... The feeling subsides. Flegs hits Berbek. Flegs misses Berbek. Berbek hits Flegs. (2x) Berbek zaps a wand of striking! The wand hits you! Berbek is suddenly moving faster. Berbek zaps a wand of striking! The wand misses you. The wand hits it. Berbek zaps a wand of striking! The wand hits you! You hear the wailing of the Banshee... Berbek zaps a wand of striking! The wand hits you! You die... Berbek takes all your possessions. Final status: Fare thee well Zazza the Knight, killed by a wand... You died in The Gnomish Mines on dungeon level 5 with 25469 points, and 0 pieces of gold, after 4118 moves. You were level 5 with a maximum of 39 hit points when you died.